 Dungeon Crawl Stone Soup version 0.16-a0-715-g16937c4 (webtiles) character file.

242 PolkaDot the Ruffian (level 5, -2/44 HPs)
             Began as a Draconian Transmuter on Sept 21, 2014.
             Was an Initiate of Okawaru.
             Slain by a quokka zombie (4 damage)
             ... in an ossuary.
             The game lasted 00:13:02 (3104 turns).

PolkaDot the Ruffian (Draconian Transmuter)         Turns: 3104, Time: 00:13:03

HP  -2/44        AC  6     Str 12      XL: 5   Next: 82%
MP   8/9         EV 12     Int 15      God: Okawaru [......]
Gold 37          SH  0     Dex 11      Spells:  2 memorised,  4 levels left

rFire  . . .     SeeInvis .       - Unarmed
rCold  . . .     Clarity  .     (armour unavailable)
rNeg   . . .     rCorr    .     (no shield)
rPois  .         rRot     .     (helmet restricted)
rElec  .         Spirit   .     (no cloak)
SustAb .         Warding  .     (no gloves)
rMut   .         Stasis   .     c - +0 pair of boots
Gourm  .                        (no amulet)
MR     .....                    (no ring)
                                e - ring of flight

@: appendage (expiring), not resistant to hostile enchantments, very unstealthy
A: unfitting armour, horns 2, cold-blooded, AC +5
a: End Transformation, Renounce Religion, Evoke Flight


You were in an ossuary.
You worshipped Okawaru.
Okawaru was noncommittal.
You were not hungry.
You had grown temporary horns.
You visited 1 branch of the dungeon, and saw 4 of its levels.
You also visited: Ossuary.

You collected 176 gold pieces.
You spent 139 gold pieces at shops.

Inventory:

Missiles
 b - 74 arrows
Armour
 c - a +0 pair of boots (worn)
Comestibles
 a - 3 bread rations
 f - 2 meat rations
 j - 4 fruits
 s - a royal jelly
Scrolls
 k - 3 scrolls of remove curse
 q - a scroll of immolation
 r - a scroll of fear {unknown}
Jewellery
 e - a ring of flight (left hand)
Potions
 h - a potion of restore abilities
Books
 d - a book of Changes

   Spells                             Type                      Level
   *Beastly Appendage                 Transmutation                1
   Sticks to Snakes                   Transmutation                2
   *Spider Form                       Transmutation/Poison         3
   Ice Form                           Ice/Transmutation            4
   Blade Hands                        Transmutation                5


   Skills:
 + Level 2.8 Fighting
 - Level 1.7 Dodging
 * Level 5.2 Unarmed Combat
 - Level 2.0 Spellcasting
 + Level 2.6 Transmutations
 - Level 2.2 Poison Magic


You had 4 spell levels left.
You knew the following spells:

 Your Spells              Type           Power        Failure   Level  Hunger
a - Beastly Appendage     Trmt           #.....       10%         1    #......
z - Spider Form           Trmt/Pois      #.........   30%         3    ####...


Dungeon Overview and Level Annotations

Branches:
Dungeon (4/15)
 Temple: D:4-7

Altars:
Elyvilon
Kikubaaqudgha
Okawaru
Ru
Sif Muna
Trog

Shops:
D:4 [

Annotations:
D:4 Prince Ribbit


Innate Abilities, Weirdness & Mutations

Your plain brown scales are hard (AC +5).
Your body does not fit into most forms of armour.
Your cold-blooded metabolism reacts poorly to cold.
You have a pair of horns on your head.


Message History

You grow a pair of large bovine horns.
The hobgoblin zombie closely misses you.
The quokka zombie bites you but does no damage.
You punch the hobgoblin zombie!
You destroy the hobgoblin zombie!
Okawaru accepts your kill. The rat zombie barely misses you.
The quokka zombie closely misses you.
You hit the kobold zombie.
The kobold zombie hits you but does no damage.
The rat zombie closely misses you.
The quokka zombie bites you but does no damage.
You punch the kobold zombie!
You destroy the kobold zombie!
The quokka zombie bites you.
* * * LOW HITPOINT WARNING * * *
The rat zombie barely misses you.
You barely miss the goblin zombie.
Your transformation is almost over.
The goblin zombie barely misses you. The quokka zombie bites you.
You die...

## ### ##
###.###.###.###
#.............#
+......Z......+
#.....ZZZ.....#
##+####.###@###.###
#...# # ### ##...##
.....# #...# #...#
##...##


#ZZZZ.# ##Z..## You could see a rat zombie, a quokka zombie, a goblin zombie and
a hobgoblin zombie.

Vanquished Creatures
  Blork the orc (D:4)
  A jelly (D:3)
  Jessica (D:2)
  3 adders
  A giant mite (D:3)
  An inept item mimic (D:4)
  2 giant geckos (D:1)
  3 orcs (D:3)
  8 bats
  2 giant cockroaches
  4 hobgoblins
  4 jackals
  2 giant newts
  6 goblins
  A hobgoblin zombie (Ossuary)
  8 kobolds
  A kobold zombie (Ossuary)
  A quokka (D:3)
  11 rats
61 creatures vanquished.

Vanquished Creatures (others)
  The ghost of PolkaDot the Insei, an average DrTm (D:4)
1 creature vanquished.

Grand Total: 62 creatures vanquished

Notes
Turn   | Place    | Note
--------------------------------------------------------------
     0 | D:1      | PolkaDot, the Draconian Transmuter, began the quest for the Orb.
     0 | D:1      | Reached XP level 1. HP: 16/16 MP: 3/3
   452 | D:1      | Reached XP level 2. HP: 21/23 MP: 4/4
  1207 | D:2      | Noticed Jessica
  1251 | D:2      | Killed Jessica
  1251 | D:2      | Reached skill level 4 in Unarmed Combat
  1251 | D:2      | Reached XP level 3. HP: 26/29 MP: 4/6
  1257 | D:2      | Learned a level 3 spell: Spider Form
  1280 | D:2      | Found an iron altar of Okawaru.
  1347 | D:2      | Found a white marble altar of Elyvilon.
  1348 | D:2      | Found a deep blue altar of Sif Muna.
  1744 | D:3      | Found an ancient bone altar of Kikubaaqudgha.
  1757 | D:3      | Reached skill level 1 in Poison Magic
  1757 | D:3      | Reached XP level 4. HP: 29/36 MP: 5/7
  2412 | D:3      | Found a sacrificial altar of Ru.
  2413 | D:3      | Found a bloodstained altar of Trog.
  2502 | D:2      | Became a worshipper of Warmaster Okawaru
  2663 | D:4      | Reached XP level 5. HP: 41/41 MP: 9/9
  2667 | D:4      | Noticed Blork the orc
  2670 | D:4      | Noticed PolkaDot's ghost (average DrTm)
  2698 | D:4      | Killed PolkaDot's ghost
  2722 | D:4      | Killed Blork the orc
  2722 | D:4      | Reached skill level 5 in Unarmed Combat
  2829 | D:4      | Noticed Prince Ribbit
  2887 | D:4      | Found a sand-covered staircase.
  2893 | D:4      | Found Lueroel's Antique Armour Boutique.
  2908 | D:4      | Bought a pair of boots for 139 gold pieces
  3070 | Ossuary  | Entered an ossuary
  3082 | Ossuary  | HP: 1/44 [mummy (17)]
  3088 | Ossuary  | HP: 1/44 [kobold zombie (1)]
  3103 | Ossuary  | HP: 2/44 [quokka zombie (1)]
  3104 | Ossuary  | Slain by a quokka zombie

Action                   |  1- 3 |  4- 6 || total
-------------------------+-------+-------++-------
Melee: Unarmed           |   120 |   101 ||   221
 Cast: Beastly Appendage |     9 |     6 ||    15
       Spider Form       |       |     4 ||     4
  Use: Potion            |       |     9 ||     9
       Scroll            |       |     6 ||     6
 Stab: Invisible         |       |     4 ||     4
  Eat: Chunk             |     3 |     3 ||     6
       Bread ration      |       |     1 ||     1
